 Dungeon Crawl Stone Soup version 0.31-a0-187-gba352fbbf7 (webtiles) character file.

Game seed: 8709771174822157449

37 qw the Shooter (level 3, 0/20 HPs)
             Began as a Deep Elf Hunter on June 22, 2023.
             Succumbed to their own poison gas
             ... on level 2 of the Dungeon.
             The game lasted 00:00:25 (1217 turns).

qw the Shooter (Deep Elf Hunter)                    Turns: 1217, Time: 00:00:26

Health: 0/20       AC:  5    Str: 10    XL:     3   Next: 23%
Magic:  5/5        EV: 12    Int: 13    God:
Gold:   86         SH:  0    Dex: 18    Spells: 2/2 levels left

rFire   + + .        Y - +0 shortbow
rCold   . . .        (shield currently unavailable)
rNeg    . . .        c - +0 leather armour
rPois   .            h - +0 helmet
rElec   .            k - +0 cloak
rCorr   .            (no gloves)
SInv    .            (no boots)
Will    .....        (no amulet)
Stlth   ++           d - ring of protection from fire
HPRegen 0.23/turn    i - ring of protection from fire
MPRegen 0.09/turn

%: no passive effects
@: lethally poisoned (0 -> -4)
A: no striking features
a: no special abilities


You were on level 2 of the Dungeon.
You visited 1 branch of the dungeon, and saw 2 of its levels.

You collected 86 gold pieces.


   Skills:
 - Level 1.5 Fighting
 + Level 6.8 Ranged Weapons
 - Level 2.4 Dodging
 - Level 1.2 Stealth


You had 2 spell levels left.
You didn't know any spells.
Your spell library was empty.

Inventory:

Hand Weapons
 Y - a +0 shortbow (weapon)
Armour
 c - a +0 leather armour (worn)
 h - a +0 helmet (worn)
 k - a +0 cloak (worn)
Jewellery
 d - a ring of protection from fire (left hand)
 i - a ring of protection from fire (right hand)
Scrolls
 a - a scroll of identify
Potions
 j - a potion of magic {unknown}

Dungeon Overview and Level Annotations

Branches:
Dungeon (2/15)

Altars:

Shops:
D:1 :


Message History

Your kobold is engulfed in poison gas.
Your kobold looks even sicker.
You kill your kobold!
Your kobold's corpse dissolves into shadows!
Done exploring.
1209 ||| DROPPING scroll of summoning.
You drop a scroll of summoning.
Done exploring.
(D) Dungeon
Where to? (* - list waypoints, Enter - D:2, ? - help)
What level of the Dungeon? (default 1, ? - help) Sorry, I don't know how to get there.
Enter note:
Enter note:
Enter note:
Enter note:
Enter note:
Enter note:
Enter note:
Enter note:
Enter note: Really walk into that cloud of poison gas?
You are engulfed in poison gas.
You are lethally poisoned!
You feel very sick.
1211 ||| Stepping ~*~*~tactically~*~*~ (cloud).
You feel very sick.
Things that are here:
a scroll of summoning; a potion of lignification
There is a lethal amount of poison in your body!
You feel very sick.
There is a lethal amount of poison in your body!
You feel very sick.
There is a lethal amount of poison in your body!
You feel sick.
There is a lethal amount of poison in your body!
You feel sick.
There is a lethal amount of poison in your body!
You feel sick.
There is a lethal amount of poison in your body!
You die...

..##.#.#######...#
.....#.........###
.#################
.................#
.###############.##
.<..#.............#
###.#.#############
..#.#.#############
....#....¤.¤0¤.0@0#
....#..#########.##
....#..........0¤#
....#...#######0.#
....#.........000#
....##..########¤##
...............0..#
#.#################
#.......#


There were no monsters in sight!

Vanquished Creatures
  An adder (D:2)
  3 ball pythons
  5 bats
  4 endoplasms
  5 giant cockroaches
  A goblin (D:2)
  4 frilled lizards
  2 kobolds (D:1)
  3 rats
28 creatures vanquished.

Notes
Turn   | Place    | Note
-------+----------+-------------------------------------------
     0 | D:1      | qw the Deep Elf Hunter began the quest for the Orb.
     0 | D:1      | Reached XP level 1. HP: 12/12 MP: 3/3
     0 | D:1      | 0 ||| qw: Version: 0.3-a-9-g12657ce
     0 | D:1      | 0 ||| qw: Game counter: 2555
     0 | D:1      | 0 ||| qw: Always use a shield: true
     0 | D:1      | 0 ||| qw: God list: Okawaru
     0 | D:1      | 0 ||| qw: Allow faded altars: false
     0 | D:1      | 0 ||| qw: Do Orc after D:15 true
     0 | D:1      | 0 ||| qw: Do second Lair branch before Depths: true
     0 | D:1      | 0 ||| qw: Lair rune preference: random
     0 | D:1      | 0 ||| qw: Plans: Normal
     0 | D:1      | 0 ||| PLANNING D:1-11
   127 | D:1      | Reached XP level 2. HP: 16/16 MP: 4/4
   341 | D:1      | Reached skill level 6 in Ranged Weapons
   403 | D:1      | Found Xeutu's Book Emporium.
   412 | D:1      | 412 ||| READING 2 scrolls labelled HULUERPHAO.
   441 | D:1      | 441 ||| UPGRADING to ring of protection from fire.
   442 | D:1      | 442 ||| READING scroll labelled NEOSTAH SAUGIQ.
   443 | D:1      | 443 ||| READING scroll labelled FACRYR LECHOE.
   444 | D:1      | 444 ||| READING scroll labelled FEUJOE WITOLUBU.
   445 | D:1      | 445 ||| DROPPING scroll of butterflies.
   566 | D:2      | Reached XP level 3. HP: 10/20 MP: 5/5
  1193 | D:2      | 1193 ||| UPGRADING to +0 helmet.
  1198 | D:2      | 1198 ||| UPGRADING to +0 cloak.
  1203 | D:2      | 1203 ||| UPGRADING to ring of protection from fire.
  1204 | D:2      | 1204 ||| READING scroll labelled SEANEO ZAASEY.
  1205 | D:2      | 1205 ||| READING scroll labelled CEFFET EDGHUMI.
  1206 | D:2      | 1206 ||| READING 2 scrolls labelled MAOSTETROWI.
  1207 | D:2      | 1207 ||| READING 2 scrolls of identify.
  1207 | D:2      | 1207 ||| IDENTIFYING sedimented green potion
  1208 | D:2      | 1208 ||| DROPPING potion of lignification.
  1209 | D:2      | 1209 ||| DROPPING scroll of summoning.
  1211 | D:2      | 1211 ||| Stepping ~*~*~tactically~*~*~ (cloud).
  1213 | D:2      | HP: 4/20 [poisoned by you (poison gas)]
  1216 | D:2      | HP: 1/20 [poisoned by you (poison gas)]
  1217 | D:2      | Succumbed to their own poison gas

Levels and vault maps discovered:
D:1:      dpeg_arrival_fog, layout_rooms, serial_shops, shop,
          kennysheep_minor_cross
D:2:      layout_basic

Skill      XL: |  1  2 |
---------------+-------+-----
Ranged Weapons | 6 |  6.8
Fighting       | |  1.5
Dodging        | |  2.4
Stealth        | |  1.2

Action                     || total
---------------------------++-------
   Fire: Shortbow          ||    73
    Use: Scroll            ||     8
 Armour: Leather armour    ||     9
  Dodge: Dodged            ||    26

Table legend:
 A = Non-vault XP
 B = Vault XP
 C = Vault XP percentage of total XP
 D = Non-vault monster count
 E = Vault monster count
 F = Vault count percentage of total count
                 A         B        C        D         E       F
            +---------+---------+-------+---------+---------+-------
      Total |      54 |       0 |   0.0 |      28 |       0 |   0.0
            +---------+---------+-------+---------+---------+-------
        D:1 |      24 |       0 |   0.0 |      15 |       0 |   0.0
        D:2 |      30 |       0 |   0.0 |      13 |       0 |   0.0
            +---------+---------+-------+---------+---------+-------
